 Dungeon Crawl Stone Soup version 0.31-b1-12-gca42e3d1b8 (webtiles) character file.

Game seed: 1114693086219996099

2007 hawla the Changeling (level 9, -4/42 HPs)
             Began as a Felid Shapeshifter on Jan 15, 2024.
             Slain by a bullfrog (7 damage)
             ... on level 8 of the Dungeon.
             The game lasted 00:10:59 (3536 turns).

hawla the Changeling (Felid Shapeshifter)           Turns: 3536, Time: 00:11:00

Health: -4/42      AC:  2    Str: 14    XL:     9   Next: 2%
Magic:  14/14      EV: 22    Int: 15    God:
Gold:   328        SH:  0    Dex: 15    Spells: 11/13 levels left
                                        Lives:  0   Deaths: 3

rFire   . .          .
                       - Unarmed
rCold   . . .        (shield unavailable)
rNeg    . . .        (body armour unavailable)
rPois   .            (helmet unavailable)
rElec   .            (cloak unavailable)
rCorr   +            (gloves unavailable)
SInv    +            (boots unavailable)
Will    +....        (no amulet)
Stlth   +            g - ring of resist corrosion
HPRegen 1.07/turn    (no ring)
MPRegen 0.14/turn

%: no passive effects
@: flux-form, glowing
A: glow, contaminating, very small, claws 1, fangs 3, see invisible, shaggy fur
2, stealthy paws, no weapons or thrown items, no armour, multi-lived, horns 1,
deterioration 1, regeneration 1
a: Begin Untransformation


You were on level 8 of the Dungeon.
You were something dangerously unstable.
You visited 1 branch of the dungeon, and saw 7 of its levels.
You also visited: Ossuary.

You collected 328 gold pieces.

Inventory:

Jewellery
 g - a ring of resist corrosion (left paw)
Talismans
 b - a beast talisman
 c - a flux talisman (active)
Wands
 m - a wand of flame (8)
 n - a wand of quicksilver (5)
Scrolls
 a - a scroll of enchant armour {unknown}
 d - 6 scrolls of identify
 e - a scroll of teleportation
 h - a scroll of poison
 j - a scroll of blinking {unknown}
 l - a scroll of amnesia
Potions
 f - 2 potions of curing {unknown}
 i - 3 potions of attraction {unknown}
 o - a potion of brilliance {unknown}
 p - a potion of degeneration {unknown}


   Skills:
 + Level 1.6 Fighting
 + Level 4.4 Dodging
 + Level 1.8 Stealth
 + Level 5.9 Unarmed Combat
 + Level 2.8 Spellcasting
 + Level 2.7 Conjurations
 + Level 7.9 Shapeshifting


You had 11 spell levels left.
You knew the following spells:

 Your Spells              Type           Power      Damage    Failure   Level
a - Searing Ray           Conj           20%        2d5       11%         2

Your spell library contained the following spells:

 Spells                   Type           Power      Damage    Failure   Level
 Magic Dart               Conj           40%        1d5       7%          1
 Sandblast                Erth           4%         2d4       21%         1
 Stone Arrow              Conj/Erth      12%        3d7       34%         3
 Passwall                 Erth           2%         N/A       52%         3
 Brom's Barrelling Bould  Conj/Erth      6%         2d3       75%         4
 Fulminant Prism          Conj/Alch      3%         3d5       75%         4


Dungeon Overview and Level Annotations

Branches:
Dungeon (8/15)            Ossuary (visited)
 Temple: D:4-7         Lair: D:8-11

Altars:
Dithmenos
Fedhas
Nemelex Xobeh
Sif Muna
Trog
Zin

Annotations:
D:7 Jeremiah


Innate Abilities, Weirdness & Mutations

You are something dangerously unstable.
You glow with magical radiation, making you easy to see and hit.
Foes you strike become dangerously contaminated with magical radiation.
You have sharp claws.
You have razor-sharp teeth.
You have supernaturally acute eyesight. (SInv)
You are covered in thick fur. (AC +2)
Your paws help you pounce on unaware monsters.
You are incapable of wielding weapons or throwing items.
You cannot wear armour.
You gain extra lives every three experience levels.
You have a pair of small horns on your head.
Your body sometimes deteriorates upon taking damage.
Your natural rate of healing is unusually fast.


Message History

You kill the kobold!
The bullfrog hits you.
The kobold hits you with a +0 dagger of speed.
The kobold brigand hits you with a +0 short sword.
* * * LOW HITPOINT WARNING * * *
Unknown command.
The air fills with toxic fumes!
As you read the scroll of poison, it crumbles to dust.
The bullfrog misses you. The kobold misses you. The kobold barely misses you.
The kobold brigand closely misses you. The bullfrog completely misses you.
The kobold hits you with a +0 dagger of speed.
* * * LOW HITPOINT WARNING * * *
The bullfrog closely misses you. The kobold completely misses you.
The kobold barely misses you. The kobold brigand barely misses you.
The bullfrog hits you.
* * * LOW HITPOINT WARNING * * *
The kobold misses you. x2; The kobold brigand barely misses you.
The bullfrog misses you.
Unknown command.
The kobold misses you. The bullfrog completely misses you.
The kobold misses you. The kobold brigand misses you.
The kobold hits you with a +0 dagger of speed.
* * * LOW HITPOINT WARNING * * *
The bullfrog misses you. The kobold barely misses you.
The kobold hits you with a +0 short sword.
* * * LOW HITPOINT WARNING * * *
The kobold brigand hits you with a +0 short sword.
* * * LOW HITPOINT WARNING * * *
The bullfrog completely misses you. The kobold hits you but does no damage.
The bullfrog completely misses you. The kobold completely misses you.
The kobold closely misses you. The kobold brigand closely misses you.
Unknown command.
The bullfrog closely misses you.
The kobold hits you with a +0 dagger of speed.
* * * LOW HITPOINT WARNING * * *
The kobold closely misses you. The kobold brigand closely misses you.
The bullfrog closely misses you. The kobold closely misses you.
The bullfrog hits you!
You die...

#############§
#§§§☼§§F§§§☼§§
#§☼☼§○pKK§§§§○
#§§§§§KK§§§☼☼§
#§§§§§○§§§§§§#
#§§§§§§§§§§○§#
#○☼§○☼§§§§§○○#
#§§☼§☼§§○§§§§#
#§§§§○§§§§§§§#
#○§§○§§§§§§§§#


You could see a kobold brigand, a bullfrog (contam) and 3 kobolds.

Vanquished Creatures
  An ice beast (D:6)
  A black bear (D:5)
  An orc warrior (D:6)
  2 ogres
  A centaur (D:6)
  A phantom (D:7)
  2 elf zombies (Ossuary)
  2 scorpions
  A kobold brigand (D:7)
  A bullfrog (D:5)
  3 wights (D:6)
  A centaur zombie (Ossuary)
  A jelly (D:5)
  2 hounds
  A bombardier beetle (D:5)
  3 orc priests (D:6)
  5 human zombies (Ossuary)
  A sleepcap (D:5)
  Jessica (D:3)
  3 iguanas
  3 orc wizards
  7 hound zombies (Ossuary)
  3 mummies
  4 adders
  2 shadow imps
  A white imp (D:6)
  5 adder zombies (Ossuary)
  2 ribbon worms (D:2)
  2 dart slugs
  5 orcs
  5 endoplasms
  3 goblins
  2 hobgoblins
  9 kobolds
  2 ball pythons (D:2)
  3 bats (D:1)
  4 frilled lizards
  2 gnoll zombies (Ossuary)
  4 jackal zombies (Ossuary)
  7 kobold zombies (Ossuary)
  4 orc zombies (Ossuary)
  2 rats (D:1)
115 creatures vanquished.

Notes
Turn   | Place    | Note
-------+----------+-------------------------------------------
     0 | D:1      | hawla the Felid Shapeshifter began the quest for the Orb.
     0 | D:1      | Reached XP level 1. HP: 10/10 MP: 2/2
   118 | D:1      | Reached skill level 3 in Shapeshifting
   140 | D:1      | Reached XP level 2. HP: 13/14 MP: 3/3
   746 | D:2      | Reached XP level 3. HP: 17/18 MP: 4/4
  1151 | D:3      | Gained mutation: Your body sometimes deteriorates upon
                  | taking damage. [potion of mutation]
  1151 | D:3      | Gained mutation: You sometimes lose your temper in combat.
                  | [potion of mutation]
  1151 | D:3      | Gained mutation: Your natural rate of healing is unusually
                  | fast. [potion of mutation]
  1152 | D:3      | Lost mutation: Your body sometimes deteriorates upon taking
                  | damage. [potion of mutation]
  1152 | D:3      | Lost mutation: You sometimes lose your temper in combat.
                  | [potion of mutation]
  1152 | D:3      | Gained mutation: Your body sometimes deteriorates upon
                  | taking damage. [potion of mutation]
  1152 | D:3      | Gained mutation: You have a pair of small horns on your
                  | head. [potion of mutation]
  1154 | D:3      | Found a shimmering blue altar of Sif Muna.
  1167 | D:3      | Noticed an ogre
  1177 | D:3      | Killed an ogre
  1178 | D:3      | Reached skill level 4 in Shapeshifting
  1178 | D:3      | Reached XP level 4. HP: 22/22 MP: 5/5
  1178 | D:3      | Gained a life (2 lives remaining)
  1181 | D:3      | Learned a level 2 spell: Searing Ray
  1229 | D:3      | Noticed Jessica
  1235 | D:3      | Killed Jessica
  1236 | D:3      | Reached skill level 5 in Shapeshifting
  1236 | D:3      | Reached XP level 5. HP: 25/25 MP: 6/6
  1323 | D:3      | You fall into a shaft and drop 2 floors!
  1323 | D:5      | Entered Level 5 of the Dungeon
  1452 | D:5      | Gained mutation: You are covered in thick fur. (AC +2)
                  | [Felid growth]
  1452 | D:5      | Reached XP level 6. HP: 6/30 MP: 7/7
  1455 | D:5      | HP: 2/45 [burnt (3)]
  1456 | D:5      | Reached skill level 6 in Shapeshifting
  1456 | D:5      | Incinerated by a bombardier beetle
  1456 | D:5      | Lost a life (1 life remaining)
  1457 | D:5      | Found a shadowy altar of Dithmenos.
  1486 | D:5      | Slain by a black bear
  1486 | D:5      | Lost a life (0 lives remaining)
  1593 | D:5      | Found a sand-covered staircase.
  1615 | Ossuary  | Entered an ossuary
  1698 | Ossuary  | Reached XP level 7. HP: 33/33 MP: 7/9
  1698 | Ossuary  | Gained a life (1 life remaining)
  1756 | Ossuary  | Reached skill level 1 in Spellcasting
  1756 | Ossuary  | Reached skill level 1 in Conjurations
  1865 | Ossuary  | Reached skill level 7 in Shapeshifting
  2452 | D:5      | Reached XP level 8. HP: 37/37 MP: 13/13
  2605 | D:6      | Reached skill level 1 in Stealth
  2857 | D:6      | Reached skill level 5 in Unarmed Combat
  2891 | D:6      | Found a blossoming altar of Fedhas.
  2892 | D:6      | Found a sparkling altar of Nemelex Xobeh.
  2998 | D:6      | Found a glowing silver altar of Zin.
  2998 | D:6      | Found a bloodstained altar of Trog.
  3453 | D:7      | Reached XP level 9. HP: 42/42 MP: 14/14
  3503 | D:7      | Noticed Jeremiah
  3504 | D:7      | Slain by an orc priest
  3504 | D:7      | Lost a life (0 lives remaining)
  3533 | D:8      | HP: 1/42 [kobold brigand/+0 short sword (3)]
  3536 | D:8      | Slain by a bullfrog

Illustrated notes

Levels and vault maps discovered:
D:1:      zelgadis_glass_arrival_small, layout_rooms, palyth_stone_intersect,
          amcnicky_mini_corridor_feature
D:2:      layout_loops_ring, minmay_misc_feat_cross,
          hangedman_abyss_or_decor_lesser_grid
D:3:      layout_loops_corners, mainiacjoe_overflow_brackets,
          dilly_ecumenical_altar_fadedgnrine, hellmonk_no_cap, uniq_jessica
D:5:      layout_loops_ring, grunt_dithmenos_smoke, gup_ossuary_entry_pyramid,
          minmay_misc_feat_five
D:6:      layout_basic, gammafunk_temple_overflow_wave,
          mainiacjoe_overflow_divided_tiny
D:7:      layout_rooms, nicolae_ru_path_of_blood, minmay_misc_feat_room,
          uniq_jeremiah
D:8:      layout_basic, mainiacjoe_overflow_boulevard, enter_bailey_8

Skill      XL: |  1  2  3  4  5  6  7  8 |
---------------+-------------------------+-----
Shapeshifting  | 3 4 5 6 7 |  7.9
Spellcasting   | 2 |  2.8
Conjurations   | 2 |  2.7
Dodging        | 4 |  4.4
Stealth        | 1 |  1.8
Unarmed Combat | 5 |  5.9
Fighting       | |  1.6

Action                     |  1- 3 |  4- 6 |  7- 9 || total
---------------------------+-------+-------+-------++-------
  Melee: Unarmed           |    62 |    77 |   273 ||   412
         Bite              |     5 |     9 |    54 ||    68
         Punch             |     3 |     3 |     3 ||     9
         Headbutt          |       |    17 |    69 ||    86
    Use: Scroll            |     3 |     2 |     4 ||     9
         Potion            |     2 |     1 |     3 ||     6
   Stab: Sleeping          |     2 |       |       ||     2
 Armour: Skin              |    11 |    30 |    97 ||   138
  Dodge: Dodged            |    42 |    64 |   277 ||   383
   Form: Flux              |       |       |     1 ||     1
